 Dungeon Crawl Stone Soup version 0.31-a0-177-g4aa6249778 (webtiles) character file.

Game seed: 17348956499087465981

320 qw the Chopper (level 6, -5/38 HPs)
             Began as a Gargoyle Fighter on June 18, 2023.
             Slain by a gnoll
             ... wielding a +0 spear
              (6 damage)
             ... on level 4 of the Dungeon.
             The game lasted 00:01:09 (2440 turns).

qw the Chopper (Gargoyle Fighter)                   Turns: 2440, Time: 00:01:10

Health: -5/38      AC: 14    Str: 21    XL:     6   Next: 46%
Magic:  6/6        EV:  8    Int:  9    God:
Gold:   138        SH:  4    Dex:  9    Spells: 5/5 levels left

rFire   . . .        Y - +1 war axe
rCold   . . .        c - +0 buckler
rNeg    + . .        j - +0 chain mail
rPois   inf          (no helmet)
rElec   +            (no cloak)
rCorr   .            (no gloves)
SInv    .            f - +0 pair of boots
Will    .....        (no amulet) Stlth
                     (no ring)
HPRegen 0.26/turn    (no ring)
MPRegen 0.10/turn

%: no passive effects
@: no status effects
A: sickness immunity, AC +4, negative energy resistance 1, electricity
resistance, torment resistance 1, petrification resistance
a: no special abilities


You were on level 4 of the Dungeon.
You visited 1 branch of the dungeon, and saw 4 of its levels.

You collected 138 gold pieces.


Innate Abilities, Weirdness & Mutations

You are immune to sickness and miasma.
Your stone body is resilient. (AC +4)
You are immune to poison.
You resist negative energy. (rN+)
You are resistant to electric shocks. (rElec)
You are resistant to unholy torment.
You are immune to petrification.


   Skills:
 - Level 4.0 Fighting
 + Level 5.5 Axes
 - Level 3.2 Armour
 - Level 1.0 Dodging
 - Level 3.2 Shields


You had 5 spell levels left.
You didn't know any spells.
Your spell library was empty.

Inventory:

Hand Weapons
 k - a +0 whip
 Y - a +1 war axe (weapon)
Armour
 c - a +0 buckler (worn)
 f - a +0 pair of boots (worn)
 j - a +0 chain mail (worn)
Wands
 g - a wand of digging (7)
Scrolls
 a - a scroll of identify
Potions
 b - a potion of heal wounds {unknown}
 d - a potion of might
 e - a potion of cancellation
 i - a potion of ambrosia {unknown}
 m - a potion of curing {unknown}
 o - a potion of brilliance {unknown}

Dungeon Overview and Level Annotations

Branches:
Dungeon (4/15)
 Temple: D:4-7

Altars:


Message History

You are frozen.
You hit the endoplasm.
The endoplasm is almost dead.
The endoplasm hits you but does no damage.
You slash the endoplasm!
You kill the endoplasm!
You start resting.
HP restored. 3 gnolls come into view.
The gnoll shouts! x2
The gnoll moves out of view.
You slash the gnoll!
You kill the gnoll!
The gnoll hits you from afar with a +0 halberd!
The gnoll hits you but does no damage. The gnoll misses you.
You see here a +0 whip.
You slash the gnoll!
The gnoll is almost dead.
The gnoll barely misses you. The gnoll hits you with a +0 halberd!
You slash the gnoll!
You kill the gnoll!
The gnoll barely misses you. The gnoll closely misses you.
You see here a +0 halberd.
You hit the gnoll.
The gnoll is lightly wounded.
The gnoll hits you with a +0 spear!
You closely miss the gnoll.
The gnoll is lightly wounded.
The gnoll hits you but does no damage.
You barely miss the gnoll.
The gnoll is lightly wounded.
The gnoll hits you but does no damage. The gnoll hits you with a +0 spear.
You hit the gnoll.
The gnoll is moderately wounded.
The gnoll hits you with a +0 spear.
You hit the gnoll but do no damage.
The gnoll is moderately wounded.
The gnoll hits you with a +0 spear.
You die...

###.# ..#.##.#
#.#.##.#
#.#.##.#########
#.#.##.##......###
#.#.##.##..##.....
#......##..##...##
#.)....##.........
#@#.##.##.###...##
#..g#.......#
#...#
......#.##.####
#...#
#.#####.#.##.#
#...# #.#.##.#
#...# ....##.#
#...# ###.....
..... #....#
#.##..


You could see a gnoll.

Vanquished Creatures
  Sigmund (D:2)
  Natasha (thrice) (D:2)
  2 gnolls (D:4)
  2 adders
  2 worms (D:2)
  6 ball pythons
  5 endoplasms
  4 goblins
  6 hobgoblins
  6 jackals
  7 kobolds
  A quokka (D:2)
  4 bats
  3 frilled lizards
  3 rats
55 creatures vanquished.

Notes
Turn   | Place    | Note
-------+----------+-------------------------------------------
     0 | D:1      | qw the Gargoyle Fighter began the quest for the Orb.
     0 | D:1      | Reached XP level 1. HP: 14/14 MP: 1/1
     0 | D:1      | 0 ||| qw: Version: 0.3-a-5-g6f28e65
     0 | D:1      | 0 ||| qw: Game counter: 669
     0 | D:1      | 0 ||| qw: Always use a shield: true
     0 | D:1      | 0 ||| qw: God list: Okawaru
     0 | D:1      | 0 ||| qw: Allow faded altars: false
     0 | D:1      | 0 ||| qw: Do Orc after D:15 true
     0 | D:1      | 0 ||| qw: Do second Lair branch before Depths: true
     0 | D:1      | 0 ||| qw: Lair rune preference: random
     0 | D:1      | 0 ||| qw: Plans: Normal, Zot:1-4, Slime:5, God:TSO, Crypt,
                  | Tomb, Abyss, Pan, Hells, Win
     0 | D:1      | 0 ||| PLANNING D:1-11
   121 | D:1      | Reached skill level 2 in Axes
   380 | D:1      | 380 ||| Stepping ~*~*~tactically~*~*~ (stealth).
   480 | D:1      | Reached XP level 2. HP: 19/19 MP: 2/2
   539 | D:1      | 539 ||| FLEEEEING.
   541 | D:1      | 541 ||| FLEEEEING.
   542 | D:1      | 542 ||| FLEEEEING.
   543 | D:1      | 543 ||| FLEEEEING.
   544 | D:1      | 544 ||| FLEEEEING.
   546 | D:1      | 546 ||| FLEEEEING.
   562 | D:1      | 562 ||| DROPPING +0 club.
   858 | D:1      | 858 ||| READING scroll labelled CERE YPOBROECE.
   859 | D:1      | 859 ||| READING scroll labelled MIULOLUOTS YCHOA.
   860 | D:1      | 860 ||| READING scroll labelled KIUTZOEXZY.
   861 | D:1      | 861 ||| READING scroll labelled POCZUK EMURCH.
   862 | D:1      | 862 ||| DRINKING 2 bubbling amethyst potions.
   863 | D:1      | 863 ||| DROPPING potion of degeneration.
   891 | D:2      | 891 ||| STAIRDANCE
   895 | D:1      | Reached skill level 3 in Axes
   895 | D:1      | Reached XP level 3. HP: 21/23 MP: 3/3
   925 | D:2      | Noticed Sigmund
   926 | D:2      | 926 ||| Stepping ~*~*~tactically~*~*~ (hiding).
   932 | D:2      | Killed Sigmund
   933 | D:2      | Reached skill level 5 in Axes
   933 | D:2      | Reached XP level 4. HP: 28/28 MP: 4/4
   933 | D:2      | Reached XP level 5. HP: 32/32 MP: 5/5
  1062 | D:2      | Noticed Natasha
  1063 | D:2      | 1063 ||| Stepping ~*~*~tactically~*~*~ (stealth).
  1080 | D:2      | Killed Natasha
  1210 | D:2      | Identified the +0 robe of the Pit {rC+}
  1298 | D:2      | Noticed Natasha
  1299 | D:2      | 1299 ||| FLEEEEING.
  1384 | D:2      | 1384 ||| Stepping ~*~*~tactically~*~*~ (stealth).
  1487 | D:2      | Reached XP level 6. HP: 38/38 MP: 6/6
  1498 | D:2      | Killed Natasha
  1499 | D:2      | Reached skill level 1 in Dodging
  1645 | D:2      | Noticed Natasha
  1649 | D:2      | Killed Natasha
  1927 | D:2      | 1927 ||| READING scroll labelled YGUDIA EGUYVASK.
  1932 | D:2      | 1932 ||| READING scroll labelled SUDYRGH YFAO.
  1933 | D:2      | 1933 ||| READING scroll labelled YCKIXTOXEU.
  1934 | D:2      | 1934 ||| READING 2 scrolls of identify.
  1934 | D:2      | 1934 ||| IDENTIFYING fizzy blue potion
  2058 | D:3      | 2058 ||| FLEEEEING.
  2347 | D:3      | 2347 ||| UPGRADING to +0 pair of boots.
  2352 | D:3      | 2352 ||| DROPPING scarf of invisibility.
  2353 | D:3      | 2353 ||| UPGRADING to +0 chain mail.
  2363 | D:3      | 2363 ||| DROPPING +0 scale mail.
  2364 | D:3      | 2364 ||| READING scroll labelled ETAGYNW POTAR.
  2365 | D:3      | 2365 ||| READING scroll labelled YRROFE LOFUUPT.
  2436 | D:4      | HP: 8/38 [gnoll/+0 spear (8)]
  2439 | D:4      | HP: 1/38 [gnoll/+0 spear (3)]
  2440 | D:4      | Slain by a gnoll

Levels and vault maps discovered:
D:1:      dpeg_arrival_water_temple_mockup, layout_basic
D:2:      layout_basic, serial_aquarium, aquarium_bridge_square
          [aquarium_subvault_wall, aquarium_subvault_window,
          aquarium_subvault_bridge, aquarium_subvault_window],
          aquarium_window_fake, aquarium_window_corridor_3,
          aquarium_window_fake, aquarium_view_2c, aquarium_view_2d,
          aquarium_balcony_3b, aquarium_pool_2, uniq_natasha, uniq_sigmund
D:3:      layout_rooms, kennysheep_doodads, small_statue_intersection,
          minmay_misc_feat_tiny
D:4:      layout_basic, gammafunk_temple_overflow_statue,
          hangedman_abyss_or_decor_stagger, kennysheep_generic_room_6,
          uniq_menkaure

Skill      XL: |  1  2  3  4  5  6 |
---------------+-------------------+-----
Axes           | 2 3 5 |  5.5
Fighting       | 4 |  4.0
Dodging        | 1 |  1.0
Armour         | |  3.2
Shields        | |  3.2

Action                     |  1- 3 |  4- 6 || total
---------------------------+-------+-------++-------
  Melee: War axe           |    47 |   109 ||   156
    Use: Scroll            |     4 |     6 ||    10
         Potion            |     1 |       ||     1
 Armour: Scale mail        |    18 |    55 ||    73
         Chain mail        |       |     4 ||     4
  Dodge: Dodged            |    20 |    45 ||    65
  Block: Buckler           |     5 |    11 ||    16

Table legend:
 A = Non-vault XP
 B = Vault XP
 C = Vault XP percentage of total XP
 D = Non-vault monster count
 E = Vault monster count
 F = Vault count percentage of total count
                 A         B        C        D         E       F
            +---------+---------+-------+---------+---------+-------
      Total |     211 |     247 |  53.9 |      53 |       2 |   3.6
            +---------+---------+-------+---------+---------+-------
        D:1 |      39 |       0 |   0.0 |      16 |       0 |   0.0
        D:2 |     108 |     247 |  69.6 |      21 |       2 |   8.7
        D:3 |      33 |       0 |   0.0 |      13 |       0 |   0.0
        D:4 |      31 |       0 |   0.0 |       3 |       0 |   0.0
            +---------+---------+-------+---------+---------+-------
